 Dungeon Crawl Stone Soup version 0.24-a0-366-gc1c896e988 (console) character file.

Game seed: 15965156494652353779

108 Lexodia the Ruffian (level 4, 0/44 HPs)
             Began as a Troll Fighter on May 28, 2019.
             Slain by an orc
             ... wielding a +0 flail
              (3 damage)
             ... on level 3 of the Dungeon.
             The game lasted 00:01:58 (838 turns).

Lexodia the Ruffian (Troll Fighter)                  Turns: 838, Time: 00:01:59

Health: 0/44       AC:  6    Str: 24    XL:     4   Next: 58%
Magic:  3/3        EV:  8    Int:  4    God:
Gold:   76         SH:  9    Dex: 10    Spells: 3/3 levels left

rFire    . . .     SeeInvis .     - Unarmed
rCold    . . .     Gourm    +   b - +0 shield
rNeg     . . .     Faith    .   a - +0 robe
rPois    .         Spirit   .   (helmet restricted)
rElec    .         Reflect  .   (no cloak)
rCorr    .         Harm     .   (gloves unavailable)
MR       .....                  (boots unavailable)
Stlth    +.........             (no amulet)
HPRegen  0.54/turn              (no ring)
MPRegen  0.08/turn              (no ring)

@: no status effects
A: large, unfitting armour, claws 3, fast metabolism 3, gourmand, regeneration
1, shaggy fur 1, tough skin 3
a: no special abilities


You were on level 3 of the Dungeon.
You were very full.

You visited 1 branch of the dungeon, and saw 3 of its levels.

You collected 76 gold pieces.

Inventory:

Missiles
 h - 10 poisoned darts (quivered)
 i - 30 stones
Armour
 a - a +0 robe (worn)
 b - a +0 shield (worn)
Scrolls
 e - 2 scrolls of identify {unknown}
 f - 2 scrolls of enchant armour {unknown}
 g - a scroll of random uselessness {unknown}
Potions
 c - a potion of might
Comestibles
 d - 4 rations


   Skills:
 + Level 2.8 Fighting
 + Level 2.8 Dodging
 * Level 3.2 Shields
 * Level 3.2 Unarmed Combat


You had 3 spell levels left.
You didn't know any spells.
Your spell library was empty.

Dungeon Overview and Level Annotations

Branches:
Dungeon (3/15)

Altars:


Innate Abilities, Weirdness & Mutations

You are too large for most types of armour.
You have claws for hands.
Your metabolism is lightning-fast.
You like to eat raw meat.
Your natural rate of healing is unusually fast.
You are covered in fur. (AC +1)
You have extremely tough skin. (AC +3)


Message History

The frilled lizard hisses angrily.
Something hits you.
You are electrocuted!
You block the orc's attack.
The orc wizard hits you but does no damage.
Huge Dmg: -38%(-17hp) hp: 53%(23hp)
You closely miss the orc wizard. You block the orc's attack.
Something hits you but does no damage.
You are electrocuted!
* * * LOW HITPOINT WARNING * * *
The orc wizard casts a spell at you. The puff of frost hits you.
* * * LOW HITPOINT WARNING * * *
Huge Dmg: -39%(-17hp) hp: 14%(6hp)
Okay, then.
The orc hits you with a +0 flail.
* * * LOW HITPOINT WARNING * * *
Huge Dmg: -11%(-5hp) hp: 3%(1hp)
There is a stone staircase leading up here.
You claw the orc!
You kill the orc!
You closely miss the orc. The orc hits you with a +0 flail.
You die...

#####. ..?
......# ...
...... ....
###.... ...
.......###.#
#...o...##
#{l...# #o###.#
#. #@# #.####
........#.#
........#.#
........#.# ##
........#.# ..
........#.####.##
........#..[....#
........#.#.#####


You could see an orc wizard, an orc and a frilled lizard.

Vanquished Creatures
  2 orc wizards
  2 adders (D:2)
  A worm (D:2)
  2 leopard geckos
  3 orcs (D:3)
  A giant cockroach (D:2)
  5 goblins
  2 hobgoblins
  2 jackals (D:2)
  A quokka (D:2)
  2 bats
  A frilled lizard (D:2)
  4 rats
28 creatures vanquished.

Notes
Turn   | Place    | Note
-------+----------+-------------------------------------------
     0 | D:1      | Lexodia the Troll Fighter began the quest for the Orb.
     0 | D:1      | Reached XP level 1. HP: 22/22 MP: 0/0
   169 | D:1      | You fall into a shaft and drop 1 floor!
   180 | D:2      | Huge Dmg: 7 dmg
   180 | D:2      | Reached XP level 2. HP: 16/29 MP: 1/1
   358 | D:2      | Reached XP level 3. HP: 36/36 MP: 2/2
   474 | D:3      | Reached XP level 4. HP: 43/44 MP: 3/3
   483 | D:3      | Huge Dmg: 13 dmg
   487 | D:3      | Huge Dmg: 12 dmg
   488 | D:3      | Huge Dmg: 2 dmg
   490 | D:3      | HP: 1/44 [orc/silver boomerang (8)]
   491 | D:3      | Huge Dmg: 7 dmg
   495 | D:2      | HP: 1/44 [something (2)]
   496 | D:2      | Huge Dmg: 1 dmg
   577 | D:3      | Huge Dmg: 9 dmg
   834 | D:3      | Huge Dmg: 17 dmg
   835 | D:3      | Huge Dmg: 17 dmg
   835 | D:3      | HP: 1/44 [orc/+0 flail (5)]
   836 | D:3      | Huge Dmg: 5 dmg
   838 | D:3      | Slain by an orc

Levels and vault maps discovered:
D:1:      ncdulo_lavacross, layout_basic, minivault_23
D:2:      layout_basic, nrook_mini_backslash
D:3:      layout_basic, nemelex_altar_shiori

Skill      XL: |  1  2  3 |
---------------+----------+-----
Shields        | 3 |  3.2
Unarmed Combat | 3 |  3.2
Fighting       | |  2.8
Dodging        | |  2.8

Action                   |  1- 3 |  4- 6 || total
-------------------------+-------+-------++-------
Melee: Unarmed           |    60 |    29 ||    89
 Stab: Sleeping          |     1 |     1 ||     2
  Eat: Chunk             |     8 |     3 ||    11
Armor: Robe              |    23 |     9 ||    32
Dodge: Dodged            |    14 |     4 ||    18
Block: Shield            |    26 |    12 ||    38

Table legend:
 A = Non-vault XP
 B = Vault XP
 C = Vault XP percentage of total XP
 D = Non-vault monster count
 E = Vault monster count
 F = Vault count percentage of total count
                 A         B        C        D         E       F
            +---------+---------+-------+---------+---------+-------
      Total |     155 |       0 |   0.0 |      28 |       0 |   0.0
            +---------+---------+-------+---------+---------+-------
        D:1 |       9 |       0 |   0.0 |       6 |       0 |   0.0
        D:2 |      90 |       0 |   0.0 |      16 |       0 |   0.0
        D:3 |      56 |       0 |   0.0 |       6 |       0 |   0.0
            +---------+---------+-------+---------+---------+-------
